 Dungeon Crawl Stone Soup version 0.29.1-14-g9c671dbff4 (webtiles) character file.

Game seed: 4389182673958520551

21 Mickster the Chopper (level 2, 0/23 (24) HPs)
             Began as a Demigod Gladiator on Feb 19, 2023.
             Slain by a goblin
             ... wielding a +2 dagger of venom
             ... led by Robin
              (1 damage)
             ... on level 2 of the Dungeon.
             The game lasted 00:09:31 (937 turns).

Mickster the Chopper (Demigod Gladiator)             Turns: 937, Time: 00:09:31

HP:   0/23 (24)     AC:  9    Str: 15    XL:     2   Next: 45%
MP:   4/4           EV:  7    Int: 10    God:
Gold: 48            SH:  0    Dex: 15    Spells: 1/1 levels left

rFire   . . .      SeeInvis .   a - +0 war axe
rCold   . . .      Faith    .   (no shield)
rNeg    + . .      Spirit   .   h - +0 chain mail
rPois   .          Reflect  .   c - +0 helmet
rElec   .          Harm     .   (no cloak)
rCorr   .          Rampage  .   (no gloves)
Will    .....                   (no boots)
Stlth   ..........              (no amulet)
HPRegen 0.07/turn               i - ring of positive energy
MPRegen 0.09/turn               (no ring)

@: lethally poisoned (0 -> -24), lightly drained
A: high MP 1, forlorn, divine attributes
a: no special abilities


You were on level 2 of the Dungeon.
You visited 1 branch of the dungeon, and saw 2 of its levels.

You collected 48 gold pieces.

Inventory:

Hand Weapons
 a - a +0 war axe (weapon)
Missiles
 d - 3 throwing nets (quivered)
 e - a javelin
 f - 10 stones
Armour
 b - a +0 leather armour
 c - a +0 helmet (worn)
 h - a +0 chain mail (worn)
Jewellery
 i - a ring of positive energy (left hand)
Scrolls
 g - a scroll of teleportation
Potions
 j - a potion of mutation {unknown}


   Skills:
 + Level 2.0 Fighting
 + Level 3.0 Axes
 + Level 1.9 Throwing
 + Level 0.5 Armour
 + Level 3.0 Dodging


You had one spell level left.
You didn't know any spells.
Your spell library contained the following spells:

 Spells                   Type           Power      Damage    Failure   Level
 Beastly Appendage        Tmut           0%         N/A       100%        1
 Wereblood                Tmut           0%         N/A       100%        2
 Dazzling Flash           Conj/Hex       0%         N/A       100%        3
 Spider Form              Tmut/Pois      0%         N/A       100%        3
 Iskenderun's Mystic Bla  Conj/Tloc      0%         2d3       100%        4
 Starburst                Conj/Fire      0%         6d3       100%        6


Dungeon Overview and Level Annotations

Branches:
Dungeon (2/15)

Annotations:
D:2 Robin


Innate Abilities, Weirdness & Mutations

You have an increased reservoir of magic. (+10% MP)
You shall have no god before yourself.
Your divine heritage dramatically boosts your attributes as you level up.


Message History

The goblin hits you but does no damage. x2
You are poisoned.
You slash the goblin!
You kill the goblin!
You slash the hobgoblin!
You kill the hobgoblin!
You barely miss the goblin. You closely miss the goblin.
You hit Robin but do no damage. You miss the goblin. You slash the hobgoblin!
You kill the hobgoblin!
You feel very sick. Robin throws the goblin at you!
The goblin hits you but does no damage.
The goblin hits you with a +2 dagger of venom.
You are more poisoned.
The goblin hits you but does no damage.
You slash the goblin!
You kill the goblin!
You closely miss the goblin. You hit the goblin. You barely miss the goblin.
You barely miss Robin. You hit the goblin.
You kill the goblin!
You feel very sick. The goblin closely misses you.
Robin hits you with a +4 whip of draining.
You partially resist.
You feel drained.
The goblin hits you but does no damage. x2
You are lethally poisoned!
The goblin hits you but does no damage. x2
Robin laughs in a distinctly smug fashion.
Robin roars a battlecry!
The goblins go into a battle-frenzy!
The goblin hits you with a +2 dagger of venom.
You are more poisoned.
You hit Robin.
Robin is lightly wounded.
You hit the goblin.
You kill the goblin!
You miss the goblin. You closely miss the goblin. You hit the hobgoblin.
* * * LOW HITPOINT WARNING * * *
You feel extremely sick. The goblin hits you but does no damage.
The goblin hits you with a +2 dagger of venom.
You die...

# #.
#.######.##
#.g)g......
#g@)......
#.)g...(..
#)........
##########


You could see Robin, a hobgoblin (strong) and 2 goblins.

Vanquished Creatures
  A bat (D:1)
  An endoplasm (D:1)
  2 giant cockroaches (D:1)
  5 goblins (D:2)
  2 hobgoblins (D:2)
  3 quokkas (D:1)
  2 ball pythons (D:1)
  A kobold (D:1)
  A rat (D:1)
18 creatures vanquished.

Notes
Turn   | Place    | Note
-------+----------+-------------------------------------------
     0 | D:1      | Mickster the Demigod Gladiator began the quest for the Orb.
     0 | D:1      | Reached XP level 1. HP: 17/17 MP: 3/3
   653 | D:1      | Reached XP level 2. HP: 24/24 MP: 4/4
   933 | D:2      | Noticed Robin
   937 | D:2      | HP: 1/23 [poisoned by a goblin]
   937 | D:2      | Slain by a goblin

Illustrated notes

Levels and vault maps discovered:
D:1:      amcnicky_arrival_feature_with_door, layout_basic,
          amcnicky_mini_corridor_feature, minmay_shallow_snake_nest
D:2:      layout_basic, nicolae_ecumenical_snake_handling, uniq_terence,
          uniq_robin

Skill      XL: |  1  2 |
---------------+-------+-----
Axes           | 3 |  3.0
Fighting       | 2 |  2.0
Dodging        | 3 |  3.0
Throwing       | |  1.9
Armour         | |  0.5

Action                   || total
-------------------------++-------
Melee: War axe           ||    34
  Use: Potion            ||     3
       Scroll            ||     2
Armor: Leather armour    ||    13
       Chain mail        ||    11
Dodge: Dodged            ||    26
